 Dungeon Crawl Stone Soup version 0.28.0-43-g3370ac3207 (webtiles) character file.

Game seed: 12153885437265966090

5302 Kraken2834 the Covert (level 10, -1/64 HPs)
             Began as a Kobold Berserker on Mar 10, 2022.
             Was an Elder of Trog.
             Killed from afar by a steam dragon (20 damage)
             ... with a ball of steam
             ... on level 8 of the Dungeon.
             The game lasted 00:25:52 (8252 turns).

Kraken2834 the Covert (Kobold Berserker)            Turns: 8252, Time: 00:25:53

Health: -1/64      AC:  5    Str: 14    XL:     10   Next: 95%
Magic:  10/10      EV: 23    Int:  8    God:    Trog [****..]
Gold:   350        SH:  5    Dex: 26    Spells: 9/9 levels left

rFire   . . .      SeeInvis .   l - +8 dagger of Korhoun {venom, rC+++ rCorr Dex+4 Stlth-}
rCold   + + +      Faith    .   (no shield)
rNeg    . . .      Spirit   .   f - +2 robe {Will+}
rPois   .          Reflect  +   (no helmet)
rElec   .          Harm     +   d - scarf {harm}
rCorr   +          Rampage  .   (no gloves)
Will    ++++.                   E - +0 pair of boots
Stlth   ++++++....              v - amulet "Wumirerr" {Reflect Dex+2 SH+5}
HPRegen 1.20/turn               t - ring of willpower
MPRegen 0.12/turn               B - ring of protection from cold

@: strong-willed, on berserk cooldown, regenerating, slowed, very slow
A: small, no large weapons, nightstalker 3
a: Renounce Religion, Berserk, Trog's Hand, Brothers in Arms


You were on level 8 of the Dungeon.
You worshipped Trog.
Trog was greatly pleased with you.
You visited 1 branch of the dungeon, and saw 8 of its levels.

You collected 350 gold pieces.

Inventory:

Hand Weapons
 a - a +0 short sword
 e - a +1 dagger of draining
 g - a +0 club
 l - the +8 dagger of Korhoun (weapon) {venom, rC+++ rCorr Dex+4 Stlth-}
   (You found it on level 3 of the Dungeon)

   It poisons the flesh of those it strikes.
   Dex:       It affects your dexterity (+4).
   rC:        It renders you almost immune to cold.
   rCorr:     It protects you from acid and corrosion.
   Stlth:     It makes you less stealthy.
 s - the +9 spear of Salt {vorpal, Str+4}
   (You found it on level 4 of the Dungeon)

   It inflicts extra damage upon your enemies.
   Str:       It affects your strength (+4).
Armour
 b - a +0 animal skin
 d - a scarf of harm (worn)
 f - a +2 robe of willpower (worn)
 r - a +0 cloak
 E - a +0 pair of boots (worn)
Jewellery
 t - a ring of willpower (left hand)
 v - the amulet "Wumirerr" (around neck) {Reflect Dex+2 SH+5}
   (You found it on level 5 of the Dungeon)

   [amulet of reflection]

   It reflects blocked missile attacks.
   Dex:       It affects your dexterity (+2).
   SH:        It affects your SH (+5).
 B - a ring of protection from cold (right hand)
Wands
 i - a wand of acid (1)
 n - a wand of polymorph (5)
Scrolls
 m - a scroll of blinking
 o - 2 scrolls of immolation
 q - 2 scrolls of enchant armour
 u - a scroll of teleportation
 w - a scroll of magic mapping
 y - a scroll of vulnerability {unknown}
 D - a scroll of noise {unknown}
Potions
 c - a potion of degeneration {unknown}
 h - 3 potions of mutation
 j - a potion of cancellation {unknown}
 k - 3 potions of curing {unknown}
 p - a potion of heal wounds {unknown}
 x - a potion of resistance {unknown}
 z - a potion of attraction {unknown}
 A - a potion of brilliance {unknown}
 C - 2 potions of lignification {unknown}


   Skills:
 + Level 8.3 Fighting
 - Level 10.0 Short Blades
 - Level 1.5 Armour
 + Level 8.6 Dodging
 * Level 13.6 Stealth


You had 9 spell levels left.
You didn't know any spells.
Your spell library was empty.

Dungeon Overview and Level Annotations

Branches:
Dungeon (8/15)             Temple (0/1) D:6
   Lair: D:8-11

Altars:
Makhleb
Okawaru
Sif Muna
Vehumet
Xom
Yredelemnul

Shops:
D:7 :


Innate Abilities, Weirdness & Mutations

You are small and have problems with some larger weapons.
You are completely attuned to the shadows.


Message History

Your skin stops crawling.
You feel less strong-willed.
You barely miss the kobold.
An orc comes into view. It is wielding a +0 hand axe.
You closely miss the kobold. You puncture the kobold!
You kill the kobold!
Trog accepts your kill.
You puncture the kobold!
You kill the kobold!
Trog accepts your kill.
You are no longer berserk.
You are exhausted.
You feel yourself slow down.
Your skin crawls.
You feel strong-willed.
The kobold throws a stone.
The stone closely misses you.
The kobold throws a stone.
You reflect the stone off an invisible shield around you!
The stone misses the kobold.
The orc completely misses you.
You puncture the orc!
You kill the orc!
Trog accepts your kill.
You hit the orc priest.
The orc priest is poisoned.
The orc priest is lightly wounded.
The orc priest calls down the wrath of Beogh upon you.
You resist with almost no effort.
You hit the orc priest but do no damage.
The orc priest looks as sick as possible!
The orc priest is lightly wounded.
The kobold hits you but does no damage. The orc priest hits you with a +0 whip.
* * * LOW HITPOINT WARNING * * *
You puncture the orc priest!
You kill the orc priest!
Trog accepts your kill.
A steam dragon comes into view.
The kobold misses you.
You closely miss the kobold. The steam dragon breathes steam at you.
The ball of steam hits you!
You die...

###..# #....# #.#..###
####.#......#
.....D......#
.###.#ยง###.K###########
#.#@###.............
#.#.KoK...#.oK.....$
#.######..>.########
#.### #.####
###>..###### ..........#
.......#### #.###.##
##....####


You could see a steam dragon (catching breath), an orc warrior and 2 kobolds.

Vanquished Creatures
  The ghost of DasRunzen the Ducker, a novice DjFE of Qazlal (D:7)
  The ghost of Turtleman12345 the Skirmisher, a novice DjCA of Ignis (D:7)
  The ghost of ciphuk the Magician, a novice GnVM of Ashenzari (D:7)
  A troll (D:8)
  Grinder (D:3)
  A steam dragon (D:7)
  Menkaure (D:5)
  A water moccasin (D:6)
  Duvessa (D:7)
  3 sky beasts
  2 orc warriors
  2 ice beasts
  4 necrophages
  2 ogres (D:6)
  A phantom (D:6)
  3 kobold brigands
  2 scorpions
  Dowan (D:7)
  A water moccasin zombie (D:5)
  4 killer bees (D:8)
  4 wights (D:6)
  3 howler monkeys (D:7)
  2 centaur zombies (D:6)
  A hound (D:6)
  Crazy Yiuf (D:5)
  A jelly (D:6)
  3 orc priests
  A bullfrog skeleton (D:5)
  3 centaur skeletons
  Jessica (D:2)
  2 iguanas (D:5)
  An orc wizard (D:6)
  Robin (D:3)
  7 adders
  2 white imps
  An adder skeleton (D:4)
  2 worms
  3 dart slugs
  23 orcs
  5 ball pythons
  10 bats
  6 endoplasms
  3 giant cockroaches
  12 hobgoblins
  4 jackals
  4 quokkas
  2 frilled lizards
  11 goblins
  10 kobolds
  8 rats
  A bush (D:5)
172 creatures vanquished.

Vanquished Creatures (others)
  A fungus (D:5)
  4 plants (D:2)
5 creatures vanquished.

Grand Total: 177 creatures vanquished

Notes
Turn   | Place    | Note
-------+----------+-------------------------------------------
     0 | D:1      | Kraken2834 the Kobold Berserker began the quest for the
                  | Orb.
     0 | D:1      | Reached XP level 1. HP: 14/14 MP: 1/1
    70 | D:1      | Reached skill level 1 in Stealth
    73 | D:1      | Reached XP level 2. HP: 19/19 MP: 2/2
   176 | D:1      | Found a faded altar of an unknown god.
   799 | D:1      | Reached skill level 2 in Stealth
   799 | D:1      | Reached XP level 3. HP: 23/23 MP: 3/3
   985 | D:2      | Noticed Jessica
   989 | D:2      | Killed Jessica
   990 | D:2      | Reached XP level 4. HP: 29/29 MP: 4/4
  1076 | D:2      | Reached ** piety under Trog
  1410 | D:2      | Reached skill level 5 in Short Blades
  1413 | D:2      | Reached skill level 3 in Stealth
  1940 | D:3      | Identified the +8 dagger of Korhoun {venom, rC+++ rCorr
                  | Dex+4 Stlth-}
  1985 | D:3      | Reached XP level 5. HP: 23/33 MP: 5/5
  2110 | D:3      | Found a shimmering altar of Xom.
  2123 | D:3      | Noticed Grinder
  2262 | D:3      | Killed Grinder
  2263 | D:3      | Reached skill level 5 in Stealth
  2263 | D:3      | Reached XP level 6. HP: 39/39 MP: 6/6
  2579 | D:3      | Noticed Robin
  2613 | D:3      | Killed Robin
  2622 | D:3      | Reached *** piety under Trog
  2877 | D:3      | Found a radiant altar of Vehumet.
  3396 | D:4      | Identified the +9 spear of Salt {vorpal, Str+4}
  3463 | D:4      | Reached XP level 7. HP: 37/44 MP: 7/7
  3657 | D:4      | Reached skill level 6 in Stealth
  4213 | D:5      | Entered Level 5 of the Dungeon
  4270 | D:5      | Reached skill level 5 in Fighting
  4409 | D:5      | Found an iron altar of Okawaru.
  4475 | D:5      | Identified the amulet "Wumirerr" {Reflect Dex+2 SH+5}
  4524 | D:5      | Reached skill level 7 in Stealth
  4528 | D:5      | Reached XP level 8. HP: 46/49 MP: 8/8
  4530 | D:5      | Found a shimmering blue altar of Sif Muna.
  4706 | D:5      | Noticed Menkaure
  4710 | D:5      | Killed Menkaure
  4711 | D:5      | Reached skill level 5 in Dodging
  5148 | D:5      | Found a runed translucent door.
  5151 | D:5      | Noticed Crazy Yiuf
  5156 | D:5      | Killed Crazy Yiuf
  5226 | D:6      | Reached skill level 8 in Stealth
  5443 | D:6      | Reached skill level 9 in Stealth
  5443 | D:6      | Reached XP level 9. HP: 41/55 MP: 9/9
  5721 | D:6      | Reached skill level 10 in Stealth
  6111 | D:6      | Reached **** piety under Trog
  6383 | D:6      | Found a staircase to the Ecumenical Temple.
  6901 | D:7      | Reached skill level 11 in Stealth
  6911 | D:7      | Found a burning altar of Makhleb.
  6921 | D:7      | Noticed Duvessa
  6921 | D:7      | Noticed Dowan
  6936 | D:7      | Killed Duvessa
  6940 | D:7      | Killed Dowan
  7035 | D:7      | Found a basalt altar of Yredelemnul.
  7132 | D:7      | Found a runed translucent gate.
  7132 | D:7      | Found a runed translucent gate.
  7132 | D:7      | Found a runed translucent gate.
  7252 | D:7      | Reached XP level 10. HP: 61/63 MP: 10/10
  7317 | D:7      | Found Daudd's Book Shop.
  7867 | D:7      | Noticed ciphuk's ghost (novice GnVM)
  7867 | D:7      | Noticed Turtleman12345's ghost (novice DjCA)
  7867 | D:7      | Noticed DasRunzen's ghost (novice DjFE)
  7877 | D:7      | Killed ciphuk's ghost
  7878 | D:7      | Reached skill level 12 in Stealth
  7887 | D:7      | Killed DasRunzen's ghost
  7890 | D:7      | Killed Turtleman12345's ghost
  7891 | D:7      | Reached skill level 13 in Stealth
  8213 | D:8      | Reached skill level 10 in Short Blades
  8252 | D:8      | Killed from afar by a steam dragon

Illustrated notes

Levels and vault maps discovered:
D:1:      lightli_arrival_quake, layout_rooms, chequers_ecumenical_altar_island,
          ebering_dispersal_statue_hall, minmay_vboxes
D:2:      layout_basic, minivault_25, serial_bayou_lagoon_b, uniq_jessica
D:3:      layout_basic, nicolae_overflow_crystal_walls,
          nicolae_vehumet_altar_sigil, grunt_decor_cap,
          minmay_increasing_density, uniq_grinder, uniq_robin
D:4:      layout_basic, st_stairs_3
D:5:      layout_loops_ring, mainiacjoe_overflow_paths, kennysheep_flooded_box,
          uniq_crazy_yiuf_cottage, uniq_menkaure
D:6:      layout_gridville, temple_fountains
D:7:      layout_cave_pools, lemuel_tele_altar, lemuel_crystal_altar,
          lemuel_doored_altar, gammafunk_ghost_cemetery, serial_shops, shop,
          uniq_duvessa
D:8:      layout_loops_ring, nzn_hepliaklqana_mist_gate, elyvilon_altar_5,
          lair_entry_dummy, dk_vineyard_1

Skill      XL: |  1  2  3  4  5  6  7  8  9 10 |
---------------+-------------------------------+-----
Stealth        | 1 2 3 5 7 9 11 13 | 13.6
Dodging        | 3 4 5 7 8 |  8.6
Short Blades   | 5 6 7 8 10 | 10.0
Fighting       | 4 5 6 7 8 |  8.3
Armour         | |  1.5

Action                   |  1- 3 |  4- 6 |  7- 9 | 10-12 || total
-------------------------+-------+-------+-------+-------++-------
Melee: Short sword       |    24 |       |       |       ||    24
       Dagger            |    21 |   104 |   285 |    92 ||   502
       Punch             |       |     1 |     3 |     2 ||     6
Invok: Berserk           |       |     1 |       |     2 ||     3
       Trog's Hand       |       |       |     1 |     3 ||     4
       Brothers in Arms  |       |       |       |     1 ||     1
  Use: Scroll            |       |       |     6 |       ||     6
 Stab: Sleeping          |    11 |    13 |    25 |       ||    49
       Distracted        |       |     1 |     2 |     2 ||     5
Armor: Animal skin       |     8 |       |       |       ||     8
       Robe              |       |     9 |    14 |     5 ||    28
Dodge: Dodged            |    28 |    54 |    81 |    56 ||   219
Block: Other             |       |       |    26 |    17 ||    43
       Reflection        |       |       |       |     2 ||     2
